 Dungeon Crawl Stone Soup version 0.31-a0-204-g7da18cac08 (webtiles) character file.

Game seed: 16897781517136934962

96 gelatine the Stinger (level 4, -4/27 HPs)
             Began as an Octopode Venom Mage on June 27, 2023.
             Slain by an orc
             ... wielding a +0 mace
              (7 damage)
             ... on level 2 of the Dungeon.
             The game lasted 00:06:15 (2443 turns).

gelatine the Stinger (Octopode Venom Mage)          Turns: 2443, Time: 00:06:16

Health: -4/27      AC:  1    Str:  7    XL:     4   Next: 67%
Magic:  8/8        EV: 13    Int: 25    God:
Gold:   147        SH:  0    Dex: 12    Spells: 2/8 levels left

rFire   . . .        e - +0 hand axe
rCold   . . .        (no shield)
rNeg    + . .        (helmet restricted)
rPois   .            h - amulet of magic regeneration
rElec   .            j - +6 ring of intelligence
rCorr   +            k - ring of positive energy
SInv    .            n - ring of resist corrosion
Will    .....        (no ring)
Stlth   +++          (no ring)
HPRegen 0.24/turn    (no ring)
MPRegen 0.51/turn    (no ring)
                     (no ring)

%: no passive effects
@: hasted, very quick
A: almost no armour, amphibious, 8 rings, camouflage 1, gelatinous body 1,
(nimble swimmer 1), tentacles
a: no special abilities


You were on level 2 of the Dungeon.
You visited 1 branch of the dungeon, and saw 3 of its levels.

You collected 147 gold pieces.

Inventory:

Hand Weapons
 e - a +0 hand axe (weapon)
 s - a +3 short sword
Missiles
 r - 5 atropa-tipped darts
Jewellery
 h - an amulet of magic regeneration (around mantle)
 j - a +6 ring of intelligence (left tentacle)
 k - a ring of positive energy (right tentacle)
 n - a ring of resist corrosion (on tentacle)
 q - an amulet of the acrobat
Scrolls
 b - 3 scrolls of enchant armour {unknown}
 f - a scroll of torment {unknown}
 g - a scroll of immolation {unknown}
 l - a scroll of revelation {unknown}
 m - a scroll of summoning {unknown}
 o - a scroll of identify {unknown}
 p - a scroll of vulnerability {unknown}
Potions
 a - a potion of magic
 c - a potion of heal wounds {unknown}
 d - a potion of lignification {unknown}
 i - 2 potions of haste


   Skills:
 * Level 0.2 Fighting
 * Level 2.2 Dodging
 * Level 3.1 Stealth
 * Level 0.5 Unarmed Combat
 * Level 2.8 Spellcasting
 * Level 0.1 Conjurations
 * Level 1.8 Transmutations
 * Level 0.3 Air Magic
 * Level 4.6 Poison Magic


You had 2 spell levels left.
You knew the following spells:

 Your Spells              Type           Power      Damage    Failure   Level
a - Sting                 Tmut/Pois      76%        1d6       2%          1
b - Poisonous Vapours     Pois/Air       32%        N/A       5%          2
c - Mephitic Cloud        Conj/Pois/Air  12%        N/A       16%         3

Your spell library contained the following spells:

 Spells                   Type           Power      Damage    Failure   Level
 Olgreb's Toxic Radiance  Pois           26%        N/A       16%         4


Dungeon Overview and Level Annotations

Branches:
Dungeon (3/15)

Altars:


Innate Abilities, Weirdness & Mutations

You cannot wear most types of armour.
You are amphibious.
You can wear up to eight rings at the same time.
Your skin changes colour to match your surroundings (Stealth+).
Your rubbery body absorbs attacks. (AC +1, EV +1)
((You are camouflaged when in or above water. (Stealth+)))
You have tentacles for arms and can constrict up to eight enemies at once.


Message History

A frilled lizard comes into view.
An orc comes into view. It is wielding a +0 mace.
Items here: $ ( ) [ †.
An orc comes into view. It is wielding a +0 dagger.
You closely miss the frilled lizard.
The frilled lizard hisses angrily.
The orc shouts!
You grab the frilled lizard. You squeeze the frilled lizard.
You kill the frilled lizard!
You hear a shout! x2
You closely miss the orc. You grab the orc.
You constrict the orc, but do no damage.
An orc comes into view. It is wielding a +0 flail.
The orc closely misses you.
The orc shouts!
You hit the orc but do no damage.
You constrict the orc, but do no damage.
The orc hits you with a +0 mace. x2
You barely miss the orc. Your grab misses the orc. Your squeeze misses the orc.
You hit the orc.
You constrict the orc, but do no damage.
An orc comes into view. It is wielding a +0 dagger.
The orc hits you with a +0 mace. The orc misses you.
You hit the orc but do no damage.
The orc is heavily wounded.
You hit the orc but do no damage. You constrict the orc.
The orc hits you with a +0 dagger. The orc hits you with a +0 mace.
* * * LOW HITPOINT WARNING * * *
You release your grip on the orc.
Found a stone staircase leading down.
The orc hits you with a +0 mace.
* * * LOW HITPOINT WARNING * * *
The orc barely misses you.
There is a stone staircase leading up, spattered with blood here.
The orc hits you with a +0 mace.
* * * LOW HITPOINT WARNING * * *
The orc misses you. The orc completely misses you.
You climb upwards.
There is a stone staircase leading down here.
It was a potion of haste.
You feel yourself speed up. The orc barely misses you. The orc misses you.
The orc hits you with a +0 mace!
You die...

###.# ##.# ....## #..##### .....#
#......# ###..# #..###.# .##..#
#..# #.# .##.)# ###########..#
#.# .##..# ### #............#
#.## ###..####.P######o###..#.##
#..## ........#.bP
#.o@......#######..#
###..##.###P.#..o......##...##.##
###..##...#..##...##...#.....#.#
#.[...#####P.##...##.#.##.P.##.#
#.....###... ##...##.#.#######.#
#.......#PP###.........)..# #..#
####'####... #...#####.#.## #.##
####....###.P#...# #.#.# #.#
..........#..#...# #.#.# ###


You could see 3 orcs.

Vanquished Creatures
  2 adders (D:2)
  A worm (D:3)
  2 dart slugs (D:1)
  An orc (D:3)
  6 bats (D:1)
  8 endoplasms
  4 giant cockroaches
  8 hobgoblins
  5 jackals
  7 kobolds
  A quokka (D:1)
  4 ball pythons
  2 frilled lizards
  6 goblins
  4 rats
61 creatures vanquished.

Notes
Turn   | Place    | Note
-------+----------+-------------------------------------------
     0 | D:1      | gelatine the Octopode Venom Mage began the quest for the
                  | Orb.
     0 | D:1      | Reached XP level 1. HP: 11/11 MP: 3/3
    89 | D:1      | Reached XP level 2. HP: 17/17 MP: 0/5
   214 | D:1      | Reached skill level 4 in Poison Magic
   605 | D:1      | Found a faded altar of an unknown god.
   613 | D:1      | Reached XP level 3. HP: 21/21 MP: 4/6
   785 | D:1      | Learned a level 2 spell: Poisonous Vapours
   789 | D:1      | Learned a level 3 spell: Mephitic Cloud
  1313 | D:2      | Reached XP level 4. HP: 25/27 MP: 5/7
  2443 | D:2      | Slain by an orc

Illustrated notes

Levels and vault maps discovered:
D:1:      roderic_dead_forest, layout_basic,
          hellmonk_ecumenical_altar_arch_garden
D:2:      layout_basic, serial_aquarium, aquarium_bridge_straight
          [aquarium_subvault_bridge, aquarium_subvault_balcony,
          aquarium_subvault_bridge, aquarium_subvault_window],
          aquarium_bridge_long_separate [aquarium_subvault_wall,
          aquarium_subvault_bridge, aquarium_subvault_wall,
          aquarium_subvault_window, aquarium_subvault_bridge,
          aquarium_subvault_bridge], aquarium_window_corridor_2,
          aquarium_window_double, aquarium_window_fake, aquarium_view_2a,
          aquarium_view_2e, aquarium_balcony_double_1
D:3:      layout_basic

Skill      XL: |  1  2  3 |
---------------+----------+-----
Poison Magic   | 4 |  4.6
Stealth        | 3 |  3.1
Fighting       | |  0.2
Dodging        | |  2.2
Unarmed Combat | |  0.5
Spellcasting   | |  2.8
Conjurations   | |  0.1
Transmutations | |  1.8
Air Magic      | |  0.3

Action                     |  1- 3 |  4- 6 || total
---------------------------+-------+-------++-------
  Melee: Unarmed           |     7 |       ||     7
         Tentacles         |     4 |     4 ||     8
         Hand axe          |    14 |    17 ||    31
         Constrict         |     4 |     6 ||    10
   Cast: Sting             |    70 |    44 ||   114
         Poisonous Vapours |       |     2 ||     2
         Mephitic Cloud    |       |     1 ||     1
    Use: Potion            |       |     1 ||     1
 Armour: Skin              |     3 |     1 ||     4
  Dodge: Dodged            |    25 |    26 ||    51

Table legend: (Time is in decaauts)
 A = Elapsed time spent in this place.
 B = Non-inter-level travel time spent in this place.
 C = Inter-level travel time spent in this place.
 D = Time resting spent in this place.
 E = Time spent auto-exploring this place.
 F = Levels seen in this place.
 G = Mean time per level.
                   A        B        C        D        E       F      G
               +--------+--------+--------+--------+--------+-----+--------+
         Total |   2450 |   2419 |     31 |      0 |   1907 |   3 |  816.7 |
       Dungeon |   2450 |   2419 |     31 |      0 |   1907 |   3 |  816.7 |
               +--------+--------+--------+--------+--------+-----+--------+

Top non-repeatable levels by time:
     D:1: 1129 daAuts
     D:2: 999 daAuts
     D:3: 321 daAuts
